 Seeded DCSS version 0.28-a0-1510-gd0f6b136d3 (webtiles) character file.

Game seed: 20220115 (custom seed)

37 a11behringer the Chopper (level 3, -1/31 HPs)
             Began as a Draconian Cinder Acolyte on Jan 15, 2022.
             Was a High Priest of Ignis.
             Succumbed to an adder's poison
             ... on level 2 of the Dungeon.
             The game lasted 00:02:25 (1398 turns).

a11behringer the Chopper (Draconian Cinder Acolyte) Turns: 1398, Time: 00:02:25

Health: -1/31      AC:  5    Str: 16    XL:     3   Next: 23%
Magic:  4/4        EV: 11    Int: 16    God:    Ignis [*****.]
Gold:   40         SH:  0    Dex:  6    Spells: 4/4 levels left

rFire   + . .      SeeInvis .   a - -1 hand axe (flame)
rCold   . . .      Faith    .   (no shield)
rNeg    . . .      Spirit   .   (armour unavailable)
rPois   .          Reflect  .   (helmet restricted)
rElec   .          Harm     .   (no cloak)
rCorr   .          Rampage  .   (no gloves)
Will    .....                   (no boots)
Stlth   +.........              (no amulet)
HPRegen 0.10/turn               (no ring)
MPRegen 0.09/turn               (no ring)

@: lethally poisoned (-1 -> -11)
A: AC +5, unfitting armour, cold-blooded
a: Renounce Religion, Fiery Armour, Foxfire Swarm, Rising Flame


You were on level 2 of the Dungeon.
You worshipped Ignis.
Ignis was extremely pleased with you.
You visited 1 branch of the dungeon, and saw 2 of its levels.

You collected 40 gold pieces.

Inventory:

Hand Weapons
 a - a -1 hand axe of flaming (weapon)
Scrolls
 b - a scroll of vulnerability {unknown}
 c - a scroll of fog {unknown}
 d - a scroll of teleportation {unknown}
 e - a scroll of noise {unknown}
 f - a scroll of identify {unknown}
 g - a scroll of amnesia {unknown}
Potions
 h - 2 potions of magic {unknown}


   Skills:
 + Level 3.5 Fighting
 * Level 3.8 Axes
 + Level 1.1 Spellcasting
 + Level 3.3 Fire Magic


You had 4 spell levels left.
You didn't know any spells.
Your spell library contained the following spells:

 Spells                   Type           Power      Damage    Failure   Level
 Scorch                   Fire           22%        2d6       9%          2


Dungeon Overview and Level Annotations

Branches:
Dungeon (2/15)

Altars:

Shops:
D:2 :


Innate Abilities, Weirdness & Mutations

Your plain brown scales are hard. (AC +5)
You cannot fit into any form of body armour.
You are cold-blooded and may be slowed by cold attacks.


Message History

The adder is heavily wounded.
You hit the rat but do no damage.
You hear an angry hiss.
The adder bites you.
You are poisoned.
The adder poisons you! The rat bites you but does no damage.
You miss the adder.
The adder is heavily wounded.
You hit the rat but do no damage.
You feel sick. The adder bites you. The rat bites you but does no damage.
The adder bites you.
Unknown command.
You hit the adder but do no damage.
Your tail-slap misses the adder.
The adder is heavily wounded.
You barely miss the rat.
You feel sick. The rat bites you but does no damage. The adder bites you.
You closely miss the adder.
Your tail-slap misses the adder.
The adder is heavily wounded.
You closely miss the rat.
You feel sick. The adder barely misses you. The rat closely misses you.
The adder bites you.
You closely miss the adder.
Your tail-slap misses the adder.
The adder is heavily wounded.
You hit the rat. You burn the rat.
You kill the rat!
You feel sick. The adder bites you but does no damage.
You hit the adder but do no damage.
The adder is moderately wounded.
You feel sick.
You closely miss the adder. You barely miss the adder.
You feel sick.
You are no longer poisoned.
The adder bites you.
* * * LOW HITPOINT WARNING * * *
You are poisoned.
The adder poisons you! The adder bites you.
* * * LOW HITPOINT WARNING * * *
You are more poisoned.
The adder poisons you! The adder closely misses you.
The adder bites you but does no damage.
* * * LOW HITPOINT WARNING * * *
You feel very sick.
You die...

# #.# ##### #? #.#
#...##### ##.#
##.###.#......
#...######.#......#####
.....#...#.####### #
#...#.### #!#.....# #
##.##.#.## #..
#...#@#.# #....###..#.#
#SSS#.#.# ##.##.#.# #.
....# .# ..... .# .?...
.. ....... . #. ...#.#
#


You could see 2 adders.

Vanquished Creatures
  A dart slug (D:1)
  2 ball pythons
  4 endoplasms
  3 goblins
  4 hobgoblins
  5 jackals (D:1)
  2 quokkas
  3 bats
  A frilled lizard (D:1)
  2 kobolds (D:1)
  A rat (D:2)
28 creatures vanquished.

Notes
Turn   | Place    | Note
-------+----------+-------------------------------------------
     0 | D:1      | a11behringer the Draconian Cinder Acolyte began the quest
                  | for the Orb.
     0 | D:1      | Reached XP level 1. HP: 19/19 MP: 2/2
   251 | D:1      | Reached XP level 2. HP: 20/26 MP: 3/3
  1078 | D:1      | Found a faded altar of an unknown god.
  1178 | D:2      | Found Ablil's Book Shoppe.
  1196 | D:2      | Reached XP level 3. HP: 30/31 MP: 4/4
  1398 | D:2      | Succumbed to an adder's poison

Illustrated notes

Levels and vault maps discovered:
D:1:      saegor_arrival_fortress, layout_basic, shapermc_ecumenical_altar_petra
D:2:      layout_loops_ring, serial_shops, nicolae_shop_statue_plus,
          minmay_ruptured, uniq_robin

Action                   || total
-------------------------++-------
Melee: Hand axe          ||    86
       Tailslap          ||     7
Armor: Skin              ||    36
Dodge: Dodged            ||    62

Table legend: (Time is in decaauts)
 A = Elapsed time spent in this place.
 B = Non-inter-level travel time spent in this place.
 C = Inter-level travel time spent in this place.
 D = Time resting spent in this place.
 E = Time spent auto-exploring this place.
 F = Levels seen in this place.
 G = Mean time per level.
                   A        B        C        D        E       F      G
               +--------+--------+--------+--------+--------+-----+--------+
         Total |   1414 |   1399 |     15 |      0 |   1226 |   2 |  707.0 |
       Dungeon |   1414 |   1399 |     15 |      0 |   1226 |   2 |  707.0 |
               +--------+--------+--------+--------+--------+-----+--------+

Top non-repeatable levels by time:
     D:1: 1184 daAuts
     D:2: 230 daAuts
